 Dungeon Crawl Stone Soup version 0.30-a0-1160-g6e42c06551 (console) character file.

Game seed: 2325722160819547337

1743 jejorda2 the Spear-Bearer (level 9, 0/102 (103) HPs)
             Began as a Merfolk Berserker on Apr 26, 2023.
             Was an Elder of Trog.
             Succumbed to a gnoll sergeant's poison
             ... on level 7 of the Dungeon.
             The game lasted 00:11:55 (6037 turns).

jejorda2 the Spear-Bearer (Merfolk Berserker)       Turns: 6037, Time: 00:11:56

HP:   0/102 (103)   AC: 10    Str: 21    XL:     9   Next: 5%
MP:   9/9           EV:  9    Int:  7    God:    Trog [****..]
Gold: 378           SH:  0    Dex: 13    Spells: 8/8 levels left

rFire   . . .        a - +0 halberd
rCold   . . .        (shield currently unavailable)
rNeg    . . .        z - +1 chain mail
rPois   .            (no helmet)
rElec   .            (no cloak)
rCorr   .            (no gloves)
SInv    .            (no boots)
Will    .....        (no amulet) Stlth
                     m - +4 ring of slaying
HPRegen 0.37/turn    (no ring)
MPRegen 0.11/turn

%: no passive effects
@: berserking (expiring), lethally poisoned (0 -> -13), lightly drained, very
quick
A: (nimble swimmer 2), mertail
a: Renounce Religion, Berserk, Trog's Hand, Brothers in Arms


You were on level 7 of the Dungeon.
You worshipped Trog.
Trog was greatly pleased with you.
You visited 1 branch of the dungeon, and saw 7 of its levels.
You also visited: Sewer.

You collected 378 gold pieces.

Inventory:

Hand Weapons
 a - a +0 halberd (weapon)
 b - a +1 trident
Missiles
 d - 54 stones (quivered)
 i - a throwing net
 j - 39 poisoned darts
Armour
 z - a +1 chain mail (worn)
Jewellery
 m - a +4 ring of slaying (left hand)
Wands
 f - a wand of light (17)
Scrolls
 c - 3 scrolls of identify
 g - a scroll of fog
 h - 4 scrolls of teleportation
 u - a scroll of fear
 w - a scroll of summoning
 x - a scroll of enchant weapon
Potions
 e - 2 potions of heal wounds
 k - 6 potions of haste
 l - a potion of cancellation
 n - a potion of flight
 o - 2 potions of mutation
 s - a potion of berserk rage
 t - 5 potions of attraction
 v - a potion of invisibility


   Skills:
 - Level 6.0 Fighting
 * Level 12.2 Polearms
 + Level 4.1 Armour
 - Level 2.6 Dodging


You had 8 spell levels left.
You didn't know any spells.
Your spell library was empty.

Dungeon Overview and Level Annotations

Branches:
Dungeon (7/15)             Temple (0/1) D:4           Sewer (visited)

Altars:
Qazlal
Yredelemnul
Zin

Shops:
D:6 *

Annotations:
D:4 3 runed translucent doors, petzl's ghost, amateur FoDe


Innate Abilities, Weirdness & Mutations

((You are very nimble when in or above water. (Stealth+, EV+, Speed+++)))
Your lower body shifts to a powerful aquatic tail in water.


Message History

Aim: a gnoll sergeant, wielding a +1 trident of venom, wearing a +0 scale mail, wearing a +0 kite shield and wearing an amulet of regeneration (severely wounded, about 24% to evade your +0 halberd)
You reach to attack!
You puncture the gnoll sergeant!
You kill the gnoll sergeant!
Trog accepts your kill.
* * * LOW HITPOINT WARNING * * *
You feel very sick.
A gnoll comes into view. It is wielding a +0 halberd.
Reach: a) +0 halberd
Press: ? - help, Dir - move target, f - gnoll
Aim: a gnoll, wielding a +0 halberd (about 31% to evade your +0 halberd)
You reach to attack!
You puncture the gnoll!
You kill the gnoll!
Trog accepts your kill.
* * * LOW HITPOINT WARNING * * *
You feel very sick.
A gnoll comes into view. It is wielding a +0 mace.
You feel very sick.
The gnoll shouts!
The gnoll hits you from afar with a +0 halberd!
* * * LOW HITPOINT WARNING * * *
The gnoll moves out of view.
Items here: ) [.
Unknown command.
You barely miss the wight.
* * * LOW HITPOINT WARNING * * *
You feel very sick.
The gnoll hits you from afar with a +0 halberd.
* * * LOW HITPOINT WARNING * * *
The wight hits you with a +0 war axe.
* * * LOW HITPOINT WARNING * * *
You feel drained.
You slash the wight!
The wight is heavily damaged.
* * * LOW HITPOINT WARNING * * *
You feel sick.
Unknown command.
You are too berserk!
You hit the wight.
The wight is heavily damaged.
You die...

#.... ......... ..#..
.....#... #.#.#+####
#... #.#<....# #..#
#'#####.#)....# #...
#.......)))...# #.##
.#####)##....####)#
#.#######.###.....:..#
#.....@.#.############
#######z#......<..
#..gg..##.....
#......# ... #......#
. #......# #......#
#......# #####.z.


You could see a wight and 2 gnolls.

Vanquished Creatures
  2 ogres (D:5)
  A centaur (D:6)
  A phantom (D:4)
  2 kobold brigands
  A bullfrog (D:5)
  2 gnoll sergeants
  2 scorpions (D:4)
  2 wights (D:7)
  A jelly (D:6)
  A hound (D:4)
  2 orc priests
  2 gnoll boudas (D:7)
  Ijyb (D:3)
  2 iguanas (D:6)
  9 orc wizards
  7 adders
  14 gnolls
  A river rat (Sewer)
  A white imp (D:7)
  An ufetubus (D:5)
  2 worms
  2 dart slugs (D:2)
  23 orcs
  4 bats
  7 endoplasms
  3 giant cockroaches
  6 goblins
  8 hobgoblins
  14 jackals
  6 quokkas
  8 ball pythons
  6 frilled lizards
  18 kobolds
  11 rats
173 creatures vanquished.

Vanquished Creatures (others)
  A quokka (D:3)
1 creature vanquished.

Grand Total: 174 creatures vanquished

Notes
Turn   | Place    | Note
-------+----------+-------------------------------------------
     0 | D:1      | jejorda2 the Merfolk Berserker began the quest for the Orb.
     0 | D:1      | Reached XP level 1. HP: 18/18 MP: 1/1
   160 | D:1      | Reached XP level 2. HP: 24/24 MP: 2/2
   386 | D:1      | Reached skill level 5 in Polearms
   450 | D:1      | Reached XP level 3. HP: 24/30 MP: 3/3
   877 | D:2      | Reached ** piety under Trog
  1779 | D:2      | Reached XP level 4. HP: 32/37 MP: 4/4
  2173 | D:3      | Found a glowing drain.
  2227 | Sewer    | Entered a sewer
  2269 | Sewer    | Noticed a kobold brigand
  2281 | Sewer    | Killed a kobold brigand
  2282 | Sewer    | Reached skill level 6 in Polearms
  2282 | Sewer    | Reached XP level 5. HP: 18/43 MP: 5/5
  2476 | Sewer    | Reached *** piety under Trog
  2517 | Sewer    | Reached skill level 7 in Polearms
  2757 | D:3      | Found a basalt altar of Yredelemnul.
  2757 | D:3      | Found a stormy altar of Qazlal.
  2762 | D:3      | Noticed Ijyb
  2772 | D:3      | Killed Ijyb
  2982 | D:3      | Reached skill level 5 in Fighting
  2982 | D:3      | Reached XP level 6. HP: 51/51 MP: 6/6
  3236 | D:4      | Reached skill level 8 in Polearms
  3383 | D:4      | Found a runed translucent gate.
  3383 | D:4      | Found a runed translucent gate.
  3384 | D:4      | Found a runed translucent gate.
  3385 | D:4      | Noticed petzl's ghost (amateur FoDe)
  3408 | D:4      | Reached XP level 7. HP: 45/56 MP: 7/7
  3614 | D:4      | Found a staircase to the Ecumenical Temple.
  3622 | D:4      | Reached skill level 9 in Polearms
  3865 | D:5      | Entered Level 5 of the Dungeon
  4430 | D:5      | Reached XP level 8. HP: 64/64 MP: 8/8
  4441 | D:5      | Found a glowing silver altar of Zin.
  4503 | D:5      | Reached **** piety under Trog
  4802 | D:5      | Reached skill level 10 in Polearms
  5075 | D:6      | Found Diral's Gadget Gallery.
  5615 | D:6      | Reached skill level 11 in Polearms
  6023 | D:7      | Reached skill level 12 in Polearms
  6023 | D:7      | Reached XP level 9. HP: 69/69 MP: 9/9
  6035 | D:7      | HP: 5/103 [gnoll/+0 halberd[a gnoll sergeant] (6)]
  6036 | D:7      | HP: 2/102 [poisoned by a gnoll sergeant]
  6037 | D:7      | Succumbed to a gnoll sergeant's poison

Illustrated notes

Levels and vault maps discovered:
D:1:      lemuel_arrival_tunnels, layout_loops_ring, minmay_indecisive_spiral
D:2:      layout_basic, corexii_hall_statues_u
D:3:      layout_basic, chequers_temple_overflow_statue_of_worship,
          portal_sewer_entry_f, kennysheep_orc_chapel, uniq_ijyb
D:4:      layout_cave_pools, minmay_temple_entry_nine_rooms,
          gammafunk_ghost_nasty_kobolds
D:5:      layout_basic, nicolae_overflow_crystal_walls, amcnicky_mini_pool_small
D:6:      layout_gridville, nicolae_shop_gadgets
D:7:      layout_basic

Skill      XL: |  1  2  3  4  5  6  7  8 |
---------------+-------------------------+-----
Polearms       | 5 6 7 8 9 12 | 12.2
Fighting       | 4 5 6 |  6.0
Armour         | 2 4 |  4.1
Dodging        | |  2.6

Action                     |  1- 3 |  4- 6 |  7- 9 || total
---------------------------+-------+-------+-------++-------
  Melee: Spear             |   128 |   144 |    29 ||   301
         Punch             |     1 |     4 |     1 ||     6
         Tailslap          |       |     2 |       ||     2
         Trident           |       |       |   193 ||   193
         Halberd           |       |       |    14 ||    14
  Throw: Stone             |       |       |     8 ||     8
 Invoke: Berserk           |     1 |     3 |     5 ||     9
         Trog's Hand       |       |     2 |     3 ||     5
    Use: Scroll            |       |     1 |    20 ||    21
         Potion            |       |     2 |       ||     2
   Stab: Sleeping          |     4 |       |       ||     4
 Armour: Leather armour    |    20 |       |       ||    20
         Scale mail        |       |     8 |       ||     8
         Chain mail        |       |    14 |    63 ||    77
  Dodge: Dodged            |    31 |    29 |    51 ||   111

Table legend: (Time is in decaauts)
 A = Elapsed time spent in this place.
 B = Non-inter-level travel time spent in this place.
 C = Inter-level travel time spent in this place.
 D = Time resting spent in this place.
 E = Time spent auto-exploring this place.
 F = Levels seen in this place.
 G = Mean time per level.
                   A        B        C        D        E       F      G
               +--------+--------+--------+--------+--------+-----+--------+
         Total |   5955 |   5599 |    356 |    515 |   4071 |   8 |  744.4 |
       Dungeon |   5666 |   5310 |    356 |    515 |   3874 |   7 |  809.4 |
         Sewer |    288 |    288 |      0 |      0 |    196 |   1 |  288.0 |
               +--------+--------+--------+--------+--------+-----+--------+

Top non-repeatable levels by time:
     D:2: 1272 daAuts
     D:4: 1076 daAuts
     D:1: 812 daAuts
     D:5: 812 daAuts
     D:3: 739 daAuts
     D:6: 653 daAuts
     D:7: 299 daAuts
   Sewer: 288 daAuts
